 Dungeon Crawl Stone Soup version 0.18.1-8-gdd0e5ea (webtiles) character file.

91925 nikopol the Impaler (level 15, -3/207 HPs)
             Began as a Minotaur Berserker on May 23, 2016.
             Was the Champion of Trog.
             Slain by a swamp worm (19 damage)
             ... called by a spriggan druid
             ... on level 2 of the Swamp on May 24, 2016.
             The game lasted 01:55:40 (23312 turns).

nikopol the Impaler (Minotaur Berserker)           Turns: 23312, Time: 01:55:40

Health: -3/207     AC: 24    Str: 32    XL:     15   Next: 56%
Magic:  4/4        EV: 19    Int:  4    God:    Trog [******]
Gold:   2012       SH:  0    Dex: 17    Spells: 0 memorised, 14 levels left

rFire  . . .     SeeInvis .     E - +4 glaive (antimagic)
rCold  . . .     Gourm    .     T - +3 ring mail of Weirdness {Dex+3}
rNeg   . . .     Faith    .     (shield currently unavailable)
rPois  +         Spirit   .     (helmet restricted)
rElec  .         Dismiss  .     e - +2 cloak {rPois}
rCorr  .         Reflect  .     X - +2 pair of gloves {Str+3}
SustAt .         Harm     .     p - +2 pair of boots {run}
MR     ++...                    B - amulet of regeneration
Stlth  ..........               J - ring of protection from magic
                                r - ring of poison resistance

@: berserking, very quick, very resistant to hostile enchantments, extremely
unstealthy
A: retaliatory headbutt, horns 2, yellow scales 1
a: Berserk, Trog's Hand, Brothers in Arms, Burn Spellbooks, Renounce Religion


You were on level 2 of the Swamp.
You worshipped Trog.
Trog was exalted by your worship.
You were hungry.

You visited 4 branches of the dungeon, and saw 22 of its levels.
You also visited: Bailey.

You collected 2588 gold pieces.
You spent 576 gold pieces at shops.

Inventory:

Hand Weapons
 s - the +1 whip of the Empty Page {speed, +Blink rN+ Str+2}
   (You found it in a bailey)

   Attacks with this weapon are significantly faster.
   It affects your strength (+2).
   It protects you from negative energy.
   It lets you blink.
 C - a +1 longbow of flaming
 D - a +6 war axe
 E - a +4 antimagic glaive (weapon)
 G - a +2 antimagic demon trident
Missiles
 k - 355 arrows (quivered)
Armour
 e - a +2 cloak of poison resistance (worn)
 h - a +4 plate armour
 p - a +2 pair of boots of running (worn)
 T - the +3 ring mail of Weirdness (worn) {Dex+3}
   (You found it on level 10 of the Dungeon)

   It affects your dexterity (+3).
 U - a +2 buckler of poison resistance
 X - a +2 pair of gloves of strength (worn)
Jewellery
 l - an uncursed amulet of dismissal
 n - a +1 ring of evasion
 r - a ring of poison resistance (left hand)
 B - an amulet of regeneration (around neck)
 J - a ring of protection from magic (right hand)
Wands
 v - a wand of teleportation (5/9)
 H - a wand of hasting (5/9)
 K - a wand of confusion (36/48)
 L - a wand of iceblast (10/15)
 N - a wand of acid (4/15)
 V - a wand of digging (9/24)
 W - a wand of enslavement (10/24)
Scrolls
 d - 5 scrolls of teleportation
 i - 10 scrolls of remove curse
 j - 2 scrolls of magic mapping
 t - 6 scrolls of fog
 w - a scroll of blinking
 x - 3 scrolls of fear
 y - 5 scrolls of identify
 O - 3 scrolls of enchant weapon
 S - a scroll of recharging {unknown}
Potions
 a - 2 potions of resistance
 m - a potion of cure mutation
 q - 13 potions of curing
 u - 7 potions of heal wounds
 z - 5 potions of agility
 A - 4 potions of flight
 F - a potion of berserk rage
 I - 2 potions of might
 M - 3 potions of haste
 P - a potion of ambrosia
 R - 3 potions of magic
Comestibles
 b - 19 fruits
 c - 9 bread rations
 f - 8 beef jerkies
 g - 8 meat rations
 o - a royal jelly
 Q - 3 chunks of flesh


   Skills:
 + Level 14.2 Fighting
 - Level 10.5(14.2) Axes
 * Level 15.7(16.7) Polearms
 + Level 11.7 Bows
 + Level 14.0 Armour
 + Level 11.3 Dodging
 - Level 8.4 Shields


You had 14 spell levels left.
You didn't know any spells.

Dungeon Overview and Level Annotations

Branches:
Dungeon (10/15)            Temple (0/1) D:7            Lair (8/8) D:10
  Swamp (2/4) Lair:5        Snake (0/4) Lair:6        Slime (0/6) Lair:8
    Orc (2/2) D:10            Elf (0/3) Orc:2

Altars:
Cheibriados
Dithmenos
Elyvilon
Fedhas
Gozag
Makhleb
Okawaru
Sif Muna
Vehumet
Xom
Jiyva

Shops:
D:10 [   Orc:1 [   Orc:2 (}*[=


Innate Abilities, Weirdness & Mutations

You reflexively headbutt those who attack you in melee.
You have a pair of horns on your head.
You are partially covered in yellow scales (AC +2).


Message History

* * * LOW HITPOINT WARNING * * *
You slash the swamp worm!
The swamp worm is moderately wounded.
The swamp worm bites you but does no damage. x2
You slice the swamp worm like a ripe choko!!!
You kill the swamp worm!
Trog accepts your kill.
You closely miss the swamp worm. You headbutt the swamp worm!
The swamp worm is moderately wounded.
The swamp worm bites you.
* * * LOW HITPOINT WARNING * * *
You closely miss the swamp worm.
The swamp worm is moderately wounded.
You closely miss the swamp worm.
The swamp worm is moderately wounded.
The swamp worm misses you.
You closely miss the swamp worm.
The swamp worm is moderately wounded.
The swamp worm bites you!!
You die...

♣♣♣♣ ♣♣♣♣♣♣ ....♣
♣♣≈≈..♣♣♣♣♣♣♣♣≈≈≈...
♣..≈≈≈....♣§@)(≈≈≈..
♣.≈≈≈≈..≈≈..†w≈(....
♣♣
♣...≈≈≈≈≈≈...≈≈≈≈≈.(
≈♣
♣..≈≈≈≈≈≈≈≈≈§≈≈≈≈≈≈(
.♣
♣...≈≈≈≈≈≈≈≈≈≈...≈≈.
≈♣
♣..≈≈≈≈≈≈≈≈≈≈≈..§≈≈≈
≈♣
♣♣..≈≈≈≈...≈≈≈≈≈≈≈.♣
.♣
♣≈.≈≈≈≈.≈..≈.>≈≈≈$≈
♣♣
♣♣.≈≈...♣♣♣≈.♣♣≈....


You could see a swamp worm.

Vanquished Creatures
  Rupert (Lair:3)
  Kirke (Swamp:1)
  Maud (Lair:5)
  An orc warlord (Orc:1)
  6 dire elephants (Lair:8)
  Josephine (Lair:7)
  9 hydras
  The ghost of Metae the Basher, a journeyman DsBe of Trog (Orc:2)
  An anaconda (Lair:8)
  7 alligators
  4 orc high priests (Orc:2)
  Sonja (Lair:3)
  3 spriggan druids (Swamp:2)
  A swamp dragon (Swamp:1)
  A wizard (D:10)
  Pikel (D:7)
  A hill giant (D:10)
  The ghost of nikopol the Skirmisher, a novice MiFi (D:5)
  3 orc knights
  A hornet (Swamp:1)
  An ugly thing (D:7)
  4 orc sorcerers
  3 griffons
  2 oklob plants
  5 black mambas
  27 elephants
  16 spiny frogs
  A torpor snail (Lair:7)
  The ghost of ThereIsNoGod the Slasher, a novice DsGl of Cheibriados (D:6)
  2 rime drakes
  8 komodo dragons
  A polar bear (Lair:8)
  A boulder beetle (Lair:8)
  26 blink frogs
  2 giant leeches (Swamp:1)
  4 slime creatures
  2 bog bodies (Swamp:2)
  2 spriggans (Swamp:2)
  A wyvern (Lair:7)
  3 basilisks
  4 wraiths
  Eustachio (D:6)
  26 yaks
  7 hippogriffs
  6 hogs (Swamp:1)
  14 vampire mosquitoes
  2 hungry ghosts
  7 swamp worms
  3 wargs
  14 insubstantial wisps
  3 nagas (Lair:6)
  16 water moccasins
  5 large abominations (D:10)
  10 porcupines
  8 wasps
  37 orc warriors
  2 sky beasts
  4 ice beasts
  4 slaves (D:7)
  3 swamp drakes (Swamp:1)
  4 black bears
  A necrophage (D:8)
  10 wolves
  10 ogres
  8 centaurs
  13 crocodiles
  A big kobold (D:9)
  20 giant frogs
  7 small abominations (D:10)
  A gnoll sergeant (D:7)
  4 scorpions
  11 killer bees
  3 electric eels
  4 vampire bats (Lair:1)
  A centaur zombie (D:6)
  A wasp zombie (D:10)
  8 crimson imps
  5 hounds
  3 jellies
  8 orc priests
  A giant frog skeleton (D:8)
  12 iguanas
  Jessica (D:2)
  17 orc wizards
  Ijyb (D:2)
  12 worker ants
  15 sheep (Lair:1)
  A killer bee zombie (D:9)
  A hound skeleton (D:7)
  A gnoll (Bailey)
  A howler monkey skeleton (D:7)
  40 river rats
  9 adders
  3 oozes
  An adder skeleton (D:4)
  7 worms
  A dart slug (D:3)
  5 giant geckos
  70 orcs
  12 bats
  9 giant cockroaches
  8 hobgoblins
  8 jackals
  5 quokkas
  2 ball pythons (D:1)
  4 giant newts
  14 goblins
  24 kobolds
  8 rats
  A bush (Lair:8)
  4 fungi
  4 plants (Lair:8)
759 creatures vanquished.

Vanquished Creatures (others)
  A vampire mosquito (Swamp:2)
  Menkaure (D:4)
  9 fungi
  2 plants (Lair:8)
13 creatures vanquished.

Grand Total: 772 creatures vanquished

Notes
Turn   | Place    | Note
--------------------------------------------------------------
     0 | D:1      | nikopol the Minotaur Berserker began the quest for the Orb.
     0 | D:1      | Reached XP level 1. HP: 19/19 MP: 0/0
   176 | D:1      | Reached XP level 2. HP: 25/27 MP: 1/1
   226 | D:1      | Reached skill level 4 in Polearms
   848 | D:2      | Reached XP level 3. HP: 30/33 MP: 2/2
  1050 | D:2      | Reached ** piety under Trog
  1129 | D:2      | Noticed Ijyb
  1152 | D:2      | Killed Ijyb
  1152 | D:2      | Reached XP level 4. HP: 33/40 MP: 3/3
  1239 | D:2      | Found an opulent altar of Gozag.
  1344 | D:2      | Noticed Jessica
  1347 | D:2      | Killed Jessica
  1625 | D:3      | Reached XP level 5. HP: 40/47 MP: 4/4
  1630 | D:3      | Found a blossoming altar of Fedhas.
  1659 | D:3      | Reached skill level 5 in Polearms
  1804 | D:3      | Reached *** piety under Trog
  2058 | D:4      | Killed Menkaure
  2084 | D:4      | Reached XP level 6. HP: 53/53 MP: 5/5
  2724 | D:5      | Entered Level 5 of the Dungeon
  2729 | D:5      | Reached skill level 5 in Fighting
  2801 | D:5      | Reached skill level 5 in Armour
  2801 | D:5      | Reached XP level 7. HP: 26/61 MP: 6/6
  3058 | D:5      | Noticed nikopol's ghost (novice MiFi)
  3075 | D:5      | Killed nikopol's ghost
  3075 | D:5      | Reached skill level 6 in Polearms
  3075 | D:5      | Reached skill level 5 in Dodging
  3075 | D:5      | Reached XP level 8. HP: 70/70 MP: 7/7
  3439 | D:5      | Found a burning altar of Makhleb.
  3529 | D:5      | Found a shadowy altar of Dithmenos.
  3530 | D:5      | Found a snail-covered altar of Cheibriados.
  3630 | D:6      | Reached skill level 7 in Polearms
  3648 | D:6      | Reached **** piety under Trog
  3707 | D:6      | Noticed ThereIsNoGod's ghost (novice DsGl)
  3716 | D:6      | Killed ThereIsNoGod's ghost
  3988 | D:6      | Noticed Eustachio
  3997 | D:6      | Killed Eustachio
  4137 | D:6      | Reached XP level 9. HP: 70/79 MP: 8/8
  4168 | D:6      | Found a white marble altar of Elyvilon.
  4531 | D:7      | Reached skill level 8 in Polearms
  4540 | D:7      | Noticed a brown ugly thing
  4550 | D:7      | Killed a brown ugly thing
  4550 | D:7      | Reached skill level 1 in Bows
  4718 | D:7      | Found Atuvesarph's General Store.
  4803 | D:7      | Reached skill level 9 in Polearms
  4867 | D:7      | Noticed a four-headed hydra
  4881 | D:7      | Killed a four-headed hydra
  5175 | D:7      | Reached XP level 10. HP: 84/90 MP: 9/9
  5256 | D:6      | Reached skill level 10 in Polearms
  5454 | D:7      | Found a radiant altar of Vehumet.
  5772 | D:7      | Noticed Pikel
  5792 | D:7      | Killed Pikel
  5918 | D:7      | Found a staircase to the Ecumenical Temple.
  6178 | D:8      | Received a gift from Trog
  6379 | D:7      | Reached skill level 5 in Bows
  6466 | D:8      | Reached skill level 11 in Polearms
  6663 | D:8      | Reached ***** piety under Trog
  6800 | D:8      | Found a shimmering altar of Xom.
  7926 | D:9      | Reached XP level 11. HP: 99/99 MP: 10/10
  8087 | D:9      | Found a deep blue altar of Sif Muna.
  8384 | D:9      | Found an iron altar of Okawaru.
  8697 | D:10     | Entered Level 10 of the Dungeon
  8855 | D:10     | Received a gift from Trog
  8871 | D:10     | Found Toxahe's Antique Armour Boutique.
  8882 | D:10     | Noticed a hill giant
  8892 | D:10     | Killed a hill giant
  8892 | D:10     | Reached skill level 10 in Fighting
  8926 | D:10     | Found a flagged portal.
  8935 | Bailey   | Entered a bailey
  9010 | Bailey   | Got a smoking whip
  9011 | Bailey   | Identified the +1 whip of the Empty Page {speed, +Blink rN+ Str+2} (You found it in a bailey)
  9152 | Bailey   | Found an iron altar of Okawaru.
  9349 | D:10     | Got an encrusted ring mail
  9360 | D:10     | Identified the +3 ring mail of Weirdness {Dex+3} (You found it on level 10 of the Dungeon)
  9673 | D:10     | Bought an embroidered cloak for 157 gold pieces
  9751 | D:10     | Reached skill level 1 in Shields
  9821 | D:10     | Found a staircase to the Lair.
 10005 | D:10     | Found a staircase to the Orcish Mines.
 10273 | D:10     | Reached skill level 12 in Polearms
 10299 | D:10     | Noticed a wizard
 10310 | D:10     | Killed a wizard
 10310 | D:10     | Reached skill level 10 in Armour
 10341 | D:10     | Noticed a large abomination
 10381 | D:10     | Killed a large abomination
 10583 | Lair:1   | Entered Level 1 of the Lair of Beasts
 10587 | Lair:1   | Noticed a six-headed hydra
 10602 | Lair:1   | Killed a 13-headed hydra
 10604 | Lair:1   | Received a gift from Trog
 10871 | Lair:1   | Reached XP level 12. HP: 101/108 MP: 11/11
 11233 | Lair:1   | Received a gift from Trog
 11305 | Lair:1   | Reached skill level 5 in Shields
 11403 | Lair:1   | Reached skill level 5 in Axes
 11814 | Lair:2   | Noticed a seven-headed hydra
 11820 | Lair:2   | Killed an 11-headed hydra
 12571 | Lair:3   | Noticed Sonja
 12638 | Lair:3   | Noticed Rupert
 12653 | Lair:3   | Killed Rupert
 12715 | Lair:3   | Killed Sonja
 12809 | Lair:3   | Reached XP level 13. HP: 101/117 MP: 12/12
 13267 | Lair:3   | Got a bloodstained long sword
 13268 | Lair:3   | Identified the +2 long sword "Zyxeheb" {flame, rPois rC+ Int+2} (You found it on level 3 of the Lair of Beasts)
 13364 | Lair:4   | Received a gift from Trog
 13713 | Lair:4   | Reached ****** piety under Trog
 14060 | Lair:4   | Received a gift from Trog
 14719 | Lair:5   | Found a staircase to the Swamp.
 14855 | Lair:5   | Noticed Maud
 14865 | Lair:5   | Killed Maud
 14865 | Lair:5   | Reached skill level 10 in Axes
 15266 | Lair:6   | Received a gift from Trog
 15346 | Lair:6   | Found a staircase to the Snake Pit.
 16176 | Lair:7   | Noticed Josephine
 16183 | Lair:7   | Killed Josephine
 16461 | Lair:7   | Reached skill level 13 in Polearms
 16462 | Lair:7   | Reached XP level 14. HP: 62/127 MP: 4/13
 16835 | Lair:7   | Reached skill level 10 in Bows
 17013 | Lair:8   | Entered Level 8 of the Lair of Beasts
 17367 | Lair:8   | Received a gift from Trog
 17414 | Lair:8   | Found a runed door.
 17415 | Lair:8   | Found a viscous altar of Jiyva.
 17418 | Lair:8   | Found a staircase to the Slime Pits.
 18172 | Lair:8   | Reached skill level 10 in Dodging
 18446 | Lair:8   | Gained mutation: You are partially covered in yellow scales (AC +2). [potion of beneficial mutation]
 18490 | Lair:8   | Reached skill level 14 in Polearms
 18989 | Orc:1    | Entered Level 1 of the Orcish Mines
 19027 | Orc:1    | Found Umoetewn's Antique Armour Emporium.
 19054 | Orc:1    | Bought a pair of embroidered boots for 144 gold pieces
 19064 | Orc:1    | Identified a +2 pair of boots of running (You bought it in a shop on level 1 of the Orcish Mines)
 19404 | Orc:2    | Entered Level 2 of the Orcish Mines
 19413 | Orc:2    | Noticed an orc warlord
 19599 | Orc:1    | Received a gift from Trog
 19665 | Orc:1    | Killed an orc warlord
 19736 | Orc:2    | Received a gift from Trog
 19752 | Orc:2    | Found Nuopuidd's Jewellery Shop.
 19767 | Orc:2    | Noticed Metae's ghost (journeyman DsBe)
 19784 | Orc:2    | Killed Metae's ghost
 20490 | Orc:2    | Found Foiniunt's General Store.
 20505 | Orc:2    | Reached XP level 15. HP: 128/136 MP: 4/14
 20562 | Orc:2    | Found a staircase to the Elven Halls.
 20563 | Orc:2    | Found Wicau's Antique Armour Shop.
 20573 | Orc:2    | Bought a slimy chain mail for 275 gold pieces
 20583 | Orc:2    | Identified the cursed +0 chain mail of the Duke {rElec rC- Regen+} (You bought it in a shop on level 2 of the Orcish Mines)
 20655 | Orc:2    | Found Oskanlae's Gadget Emporium.
 20719 | Orc:2    | Found Raovu's Antique Weapon Shop.
 21431 | Lair:1   | Received a gift from Trog
 21573 | Swamp:1  | Entered Level 1 of the Swamp
 21615 | Swamp:1  | Reached skill level 15 in Polearms
 21863 | Swamp:1  | Noticed Kirke
 21899 | Swamp:1  | Killed Kirke
 23312 | Swamp:2  | Slain by a swamp worm

Skill      XL: |  1  2  3  4  5  6  7  8  9 10 11 12 13 14 15 |
---------------+----------------------------------------------+-----
Polearms       | 4 5 6 7 9 11 12 13 14 15 | 15.7
Armour         | 3 4 5 6 7 8 9 10 11 12 13 14 | 14.0
Fighting       | 4 5 6 7 8 9 10 11 12 13 14 | 14.2
Dodging        | 3 4 5 7 9 10 11 | 11.3
Bows           | 3 5 7 8 9 11 | 11.7
Shields        | 4 6 8 |  8.4
Axes           | 3 8 10 | 10.5

Action                   |  1- 3 |  4- 6 |  7- 9 | 10-12 | 13-15 || total
-------------------------+-------+-------+-------+-------+-------++-------
Melee: Spear             |   101 |    86 |       |       |       ||   187
       Headbutt          |    12 |    32 |    48 |   165 |   263 ||   520
       Trident           |       |    97 |   187 |   515 |       ||   799
       War axe           |       |       |       |   244 |   263 ||   507
       Glaive            |       |       |       |       |   680 ||   680
       Longbow           |       |       |       |       |     2 ||     2
 Fire: Shortbow          |       |       |    53 |   219 |       ||   272
       Longbow           |       |       |       |    32 |   313 ||   345
Invok: Berserk           |       |     1 |     5 |     6 |    11 ||    23
       Burn Spellbooks   |       |       |       |     2 |     2 ||     4
 Abil: Evoke Blink       |       |       |       |    15 |       ||    15
Evoke: Wand              |       |       |       |       |     4 ||     4
  Use: Scroll            |       |       |       |    24 |    14 ||    38
       Potion            |       |       |       |       |     1 ||     1
 Stab: Distracted        |       |       |       |     1 |       ||     1
       Sleeping          |       |       |       |       |     1 ||     1
  Eat: Chunk             |     1 |     5 |    12 |    34 |    38 ||    90
       Bread ration      |       |       |     1 |       |       ||     1
       Pizza             |       |       |       |     2 |     1 ||     3
       Royal jelly       |       |       |       |       |     2 ||     2
       Fruit             |       |       |       |       |     1 ||     1
Armor: Leather armour    |     7 |       |       |       |       ||     7
       Ring mail         |    12 |    34 |       |   113 |   346 ||   505
       Scale mail        |       |     2 |    56 |    29 |       ||    87
       Chain mail        |       |       |       |    97 |    19 ||   116
Dodge: Dodged            |    33 |    67 |    99 |   462 |   841 ||  1502
Block: Buckler           |       |       |       |   114 |   114 ||   228
